AoeStats
← MAOC DSW

Arena

509682571Analyzed
4v4 RM · 4d ago on Sep 27, 2026· 60m 45s· 8 players
Game mode
Random Map
Map size
Large (8 player)
Population
200
Speed
Normal
Resources
Standard
Victory
Conquest
Starting age
Dark Age
Ending age
Imperial Age
RankedLock teamsTeams togetherTeam positionsShared explorationLock speedFull tech treeHidden civsTurbo modeCheats
Victory
Defeat
🇭🇰 Vietnamese · Hong Kong SAR China
1001
+14
🇭🇰 Franks · Hong Kong SAR China
974
+15
🇮🇪 Portuguese · Ireland
917
+17
🇪🇸 Celts · Spain
887
+19
🇨🇴 Persians · Colombia
974
-17
🇩🇴 Koreans · Dominican Republic
957
-17
🇪🇸 Byzantines · Spain
943
-16
🇺🇸 Spanish · United States
911
-15
MAOC DSW
5:28 Loom
11:13 Feudal Age
12:20 Double-Bit Axe
17:09 Castle Age
16:52 Forging
18:56 Horse Collar
19:36 Bow Saw
22:44 Squires
25:14 Wheelbarrow
24:26 Town Watch
25:58 Caravan
26:36 Heavy Plow
26:41 Stone Mining
28:33 Scale Barding Armor
28:39 Scale Mail Armor
29:37 Hand Cart
32:00 Iron Casting
31:41 Chain Mail Armor
31:17 Fletching
33:10 Stone Shaft Mining
32:54 Gold Mining
32:31 Pikeman
37:01 Imperial Age
34:42 Town Patrol
34:43 Bodkin Arrow
35:08 Chain Barding Armor
34:49 Elite Skirmisher
35:34 Thumb Ring
35:41 Husbandry
35:31 Arson
37:17 Halberdier
39:27 Plate Mail Armor
39:00 Elite Fire Lancer
40:20 Conscription
41:21 Thumb Ring
41:21 Bracer
41:45 Ballistics
41:11 Arrowslits
42:22 Elite War Wagon
43:16 Capped Ram
43:38 Elite War Wagon
50:13 Heavy Rocket Cart
MsPacMan
2:52 Loom
11:34 Feudal Age
18:35 Castle Age
17:19 Double-Bit Axe
17:37 Horse Collar
30:37 Pikeman
33:58 Imperial Age
31:27 Murder Holes
33:28 Forging
33:18 Scale Mail Armor
33:24 Scale Barding Armor
33:10 Fletching
35:13 Halberdier
35:19 Cavalier
36:48 Halberdier
40:28 Chain Mail Armor
Astorre Aprile
1:23 Loom
10:10 Feudal Age
10:50 Double-Bit Axe
13:44 Horse Collar
20:59 Castle Age
19:01 Gold Mining
19:19 Fletching
19:58 Stone Mining
20:24 Padded Archer Armor
21:08 Bloodlines
21:46 Forging
21:43 Scale Barding Armor
22:33 Husbandry
24:53 Iron Casting
24:19 Scale Mail Armor
25:25 Light Cavalry
30:30 Town Watch
31:12 Bodkin Arrow
31:32 Leather Archer Armor
35:48 Imperial Age
33:19 Pikeman
35:07 Wheelbarrow
35:11 Chain Mail Armor
36:11 Elite Skirmisher
37:28 Conscription
37:07 Capped Ram
40:14 Bracer
40:44 Ring Archer Armor
41:33 Ballistics
42:27 Town Patrol
43:21 Halberdier
45:06 Squires
46:44 Chain Barding Armor
47:35 Gambesons
49:46 Fortified Wall
51:28 Chemistry
50:39 Masonry
50:15 Arrowslits
51:23 Hand Cart
52:02 Thumb Ring
52:32 Bow Saw
55:27 Hussar
56:54 Heavy Plow
58:31 Hoardings
57:55 Murder Holes
58:32 Architecture
59:47 Heavy Mounted Crossbowman
cj23cajoga
11:38 Feudal Age
14:27 Wheelbarrow
18:48 Castle Age
16:34 Horse Collar
18:10 Double-Bit Axe
18:17 Gold Mining
18:20 Stone Mining
18:53 Bloodlines
20:38 Husbandry
22:14 Loom
25:38 Gambesons
26:52 Squires
26:38 Arson
27:43 Pikeman
31:23 Forging
31:19 Scale Barding Armor
31:24 Forging
32:45 Iron Casting
35:06 Imperial Age
33:44 Chain Barding Armor
35:34 Halberdier
39:21 Elite War Elephant
42:57 Hand Cart
48:38 Town Watch
50:05 Scale Mail Armor
idle villager
11:28 Feudal Age
15:48 Castle Age
13:58 Double-Bit Axe
17:05 Bow Saw
19:03 Wheelbarrow
23:43 Gold Mining
26:22 Gold Shaft Mining
28:52 Imperial Age
27:31 Scale Barding Armor
27:37 Forging
27:32 Loom
28:36 Chain Barding Armor
28:37 Husbandry
29:28 Iron Casting
29:04 Cavalier
30:21 Plate Barding Armor
30:03 Hand Cart
31:44 Blast Furnace
30:10 Paladin
34:00 Coinage
35:38 Fortified Wall
37:53 Caravan
40:01 Banking
41:10 Light Cavalry
50:24 Town Watch
50:41 Scale Mail Armor
50:02 Pikeman
50:42 Squires
50:28 Arson
52:53 Chain Mail Armor
54:07 Halberdier
59:20 Town Patrol
LJRG10
10:51 Feudal Age
12:37 Loom
15:34 Castle Age
14:05 Horse Collar
14:14 Double-Bit Axe
18:34 Heavy Plow
29:42 Imperial Age
27:34 Town Watch
28:25 Wheelbarrow
27:35 Pikeman
28:21 Scale Mail Armor
31:17 Forging
31:23 Chain Mail Armor
32:33 Chemistry
32:11 Conscription
33:30 Hand Cart
34:04 Conscription
36:45 Siege Engineers
36:35 Halberdier
38:21 Plate Mail Armor
38:27 Iron Casting
39:22 Fletching
39:54 Ballistics
39:45 Fortified Wall
39:31 Murder Holes
40:03 Town Patrol
40:36 Crop Rotation
40:19 Bow Saw
41:11 Elite Organ Gun
43:03 Arquebus
43:18 Gambesons
44:36 Blast Furnace
43:32 Bodkin Arrow
46:08 Bracer
48:36 Two-Man Saw
Marckozz7
2:38 Loom
12:49 Feudal Age
17:31 Castle Age
20:22 Horse Collar
22:54 Pikeman
23:19 Gambesons
25:46 Fletching
25:52 Town Watch
29:38 Scale Mail Armor
36:21 Imperial Age
34:54 Double-Bit Axe
39:18 Halberdier
香江七百萬大才子
2:55 Loom
10:33 Feudal Age
16:29 Castle Age
15:00 Double-Bit Axe
15:12 Gold Mining
16:19 Stone Mining
16:14 Horse Collar
23:53 Wheelbarrow
24:41 Hand Cart
24:48 Bow Saw
24:51 Heavy Plow
28:57 Husbandry
29:08 Bloodlines
33:39 Scale Barding Armor
33:44 Forging
36:33 Imperial Age
35:31 Stone Shaft Mining
36:10 Iron Casting
35:55 Chain Barding Armor
36:00 Fletching
37:01 Elite Battle Elephant
38:21 Plate Barding Armor
39:05 Paper Money
38:25 Light Cavalry
41:47 Chatras
41:07 Elite Rattan Archer
44:32 Bodkin Arrow
44:37 Padded Archer Armor
47:09 Chemistry
46:16 Siege Engineers
53:49 Bracer
54:05 Leather Archer Armor
56:26 Ballistics
58:00 Treadmill Crane
58:31 Masonry
59:02 Ring Archer Armor
59:16 Caravan
59:47 Elite Fire Lancer
60:12 Arson
60:28 Squires
59:49 Man-at-Arms
Connection lost

Rejoining the realm…

Still unreachable

The connection could not be restored.

Session expired

The server has moved on; the page needs a fresh start.